AoeStats
← ccereal

Black Forest

510370904Analyzed
3v3 RM · 19h ago on Sep 30, 2026· 14m 14s· 6 players
Game mode
Random Map
Map size
Normal (6 player)
Population
200
Speed
Normal
Resources
Standard
Victory
Conquest
Starting age
Dark Age
Ending age
Imperial Age
RankedLock teamsTeams togetherTeam positionsShared explorationLock speedFull tech treeHidden civsTurbo modeCheats
Victory
Defeat
🇫🇷 Britons · France
1614
+11
🇫🇷 Khmer · France
1569
+13
🇫🇷 Saracens · France
1314
+23
🇩🇪 Franks · Germany
1518
-17
🇩🇪 Vikings · Germany
1503
-16
🇨🇱 Dravidians · Chile
1451
-14
FunKinGGusTI
11:05 Feudal Age
15:22 Castle Age
13:36 Double-Bit Axe
b4ron1
1:16 Loom
1:21 Loom
4:53 Loom
9:58 Feudal Age
10:44 Man-at-Arms
Hennessy
1:37 Loom
10:08 Feudal Age
10:13 Man-at-Arms
ccereal
8:13 Feudal Age
7:04 Loom
8:56 Double-Bit Axe
11:04 Loom
13:13 Fletching
14:15 Padded Archer Armor
Flybidi
1:06 Loom
11:07 Feudal Age
16:04 Castle Age
Jungle Kriss
13:12 Feudal Age
Connection lost

Rejoining the realm…

Still unreachable

The connection could not be restored.

Session expired

The server has moved on; the page needs a fresh start.